 Dungeon Crawl Stone Soup version 0.32-a0-131-g9dbbe29261 (webtiles) character file.

Game seed: 5140012990097753050

242 Newt the Slasher (level 6, -16/51 HPs)
             Began as a Barachi Fighter on Feb 8, 2024.
             Was an Initiate of Okawaru.
             Demolished by an ogre
             ... wielding a +0 giant spiked club
              (30 damage)
             ... on level 4 of the Dungeon.
             The game lasted 00:02:56 (2252 turns).

Newt the Slasher (Barachi Fighter)                  Turns: 2252, Time: 00:02:57

Health: -16/51     AC:  8    Str: 19    XL:     6   Next: 9%
Magic:  6/6        EV:  9    Int:  8    God:    Okawaru [......]
Gold:   123        SH:  4    Dex: 12    Spells: 5/5 levels left

rFire   . . .        a - +0 long sword
rCold   . . .        c - +0 buckler
rNeg    . . .        b - +0 scale mail
rPois   .            l - +0 helmet
rElec   .            (no cloak)
rCorr   .            (no gloves)
SInv    .            (no boots)
Will    .....        (no amulet) Stlth
                     (no ring)
HPRegen 0.28/turn    (no ring)
MPRegen 0.10/turn

%: no passive effects
@: slow
A: amphibious, slowness 1, strong legs 1, +LOS
a: Hop, Renounce Religion


You were on level 4 of the Dungeon.
You worshipped Okawaru.
Okawaru was noncommittal.
You visited 2 branches of the dungeon, and saw 4 of its levels.

You collected 123 gold pieces.

Inventory:

Hand Weapons
 a - a +0 long sword (weapon)
Armour
 b - a +0 scale mail (worn)
 c - a +0 buckler (worn)
 l - a +0 helmet (worn)
Scrolls
 e - a scroll of enchant weapon
 n - a scroll of identify
 p - a scroll of teleportation {unknown}
Potions
 f - a potion of lignification
 g - a potion of invisibility {unknown}
 h - a potion of attraction
 i - a potion of enlightenment {unknown}
 j - a potion of cancellation
 m - a potion of curing {unknown}
 o - a potion of resistance {unknown}


   Skills:
 + Level 5.4 Fighting
 - Level 6.1 Long Blades
 * Level 3.7 Armour
 - Level 3.2 Shields


You had 5 spell levels left.
You didn't know any spells.
Your spell library contained the following spells:

 Spells                   Type           Power      Damage    Failure   Level
 Apportation              Tloc           0%         N/A       85%         1
 Necrotise                Necr           0%         1d4       85%         1
 Sting                    Conj/Alch      0%         1d3       85%         1
 Summon Small Mammal      Summ           Unusable   N/A       N/A         1

Dungeon Overview and Level Annotations

Branches:
Dungeon (4/15)             Temple (1/1) D:4

Altars:
Ashenzari
Cheibriados
Elyvilon
Fedhas
Gozag
Hepliaklqana
Okawaru
Qazlal
Sif Muna
Trog
Uskayaw
Vehumet
Wu Jian
Xom
Yredelemnul
Zin

Shops:
D:1 (


Innate Abilities, Weirdness & Mutations

You are amphibious.
You cover ground slowly.
You can hop short distances.
You have an extended range of vision and can be seen from far away.


Message History

* * * LOW HITPOINT WARNING * * *
Unknown command.
Unknown command.
You hit the ball python.
You kill the ball python!
Okawaru accepts your kill. You block the phantom's attack.
You block the ogre's attack.
Unknown command.
Unknown command.
It was a potion of attraction.
You feel attractive to monsters. The phantom hits you.
* * * LOW HITPOINT WARNING * * *
It was a potion of cancellation.
Your magical effects are unravelling.
You feel magically purged.
You feel less wooden.
Your +0 helmet unmelds from your body.
Your +0 scale mail unmelds from your body.
You feel a little less mighty now. The ogre closely misses you.
The phantom barely misses you.
You feel less attractive to monsters.
It was a potion of heal wounds.
You feel much better.
The phantom hits you but does no damage.
The ogre hits you with a +0 giant spiked club!!
* * * LOW HITPOINT WARNING * * *
Unknown command.
You feel much better. You block the phantom's attack.
Unknown command.
You slash the ogre!
The ogre is heavily wounded.
The ogre hits you with a +0 giant spiked club.
The phantom closely misses you.
You hit the ogre.
The ogre is heavily wounded.
The phantom hits you.
* * * LOW HITPOINT WARNING * * *
The ogre hits you with a +0 giant spiked club!!
Ouch! That really hurt!
You die...

##.#### #.###### ### #.#
......## #.# ##.###.##
.......# ##+## #.......#
##.##..# ##...## ##.###.##
##.....# ##.....## #.#####
..)....###.......## #..##
÷#.....##.........####...##
.<......'.........'.......#
.......##.......@O####...##
.......###.....W.## ##..#
###.#### ##.....## ##.# #.#
##..<#########.# #.#
##'##.†....##.# #.#
#.##.####.##.# #.# #.##.#
#.##.# ... ##.##.####.##.#
#.. ##...#.#...†...#


You could see an ogre and a phantom.

Vanquished Creatures
  A black bear (D:4)
  A bombardier beetle (D:4)
  Robin (D:2)
  3 gnolls (D:2)
  2 adders (D:2)
  3 dart slugs
  2 ribbon worms (D:2)
  3 endoplasms (D:2)
  3 giant cockroaches
  10 goblins
  7 hobgoblins
  3 quokkas
  6 ball pythons
  A bat (D:2)
  3 frilled lizards
  4 rats
53 creatures vanquished.

Notes
Turn   | Place    | Note
-------+----------+-------------------------------------------
     0 | D:1      | Newt the Barachi Fighter began the quest for the Orb.
     0 | D:1      | Reached XP level 1. HP: 18/18 MP: 1/1
   133 | D:1      | Found Sibrab's Antique Weapon Emporium.
   166 | D:1      | Reached skill level 3 in Long Blades
   201 | D:1      | Reached XP level 2. HP: 25/25 MP: 2/2
  1009 | D:2      | Found a faded altar of an unknown god.
  1019 | D:2      | Reached XP level 3. HP: 30/30 MP: 3/3
  1053 | D:2      | Reached skill level 4 in Long Blades
  1199 | D:2      | Reached XP level 4. HP: 32/38 MP: 4/4
  1509 | D:2      | Noticed Robin
  1521 | D:2      | Killed Robin
  1676 | D:2      | Reached skill level 5 in Long Blades
  1676 | D:2      | You fall into a shaft and drop 2 floors!
  1683 | D:4      | Found a staircase to the Ecumenical Temple.
  1689 | Temple   | Entered the Ecumenical Temple
  1699 | Temple   | Became a worshipper of Warmaster Okawaru
  1894 | D:4      | Noticed a black bear
  1902 | D:4      | Killed a black bear
  1903 | D:4      | Reached skill level 5 in Fighting
  1903 | D:4      | Reached XP level 5. HP: 40/44 MP: 5/5
  1933 | D:4      | Reached skill level 6 in Long Blades
  1933 | D:4      | Reached XP level 6. HP: 48/51 MP: 6/6
  2249 | D:4      | HP: 2/51 [ogre/+0 giant spiked club (18)]
  2252 | D:4      | Demolished by an ogre

Illustrated notes

Levels and vault maps discovered:
D:1:      lightli_arrival_flooded_house, layout_basic, serial_shops, shop,
          amcnicky_mini_pool_small, kennysheep_nondescript, nrook_campfire
D:2:      layout_basic, basic_ecumenical_altar, uniq_robin
D:4:      layout_loops_corners, minmay_temple_entry_hall
Temple:   nicolae_temple_x_marks_the_god

Skill      XL: |  1  2  3  4  5 |
---------------+----------------+-----
Long Blades    | 3 4 5 6 |  6.1
Fighting       | 4 5 |  5.4
Armour         | |  3.7
Shields        | |  3.2

Action                     |  1- 3 |  4- 6 || total
---------------------------+-------+-------++-------
  Melee: Long sword        |    92 |   107 ||   199
Ability: Hop               |       |     1 ||     1
    Use: Potion            |       |     6 ||     6
         Scroll            |       |     1 ||     1
 Armour: Scale mail        |    53 |    88 ||   141
         Skin              |       |     8 ||     8
  Dodge: Dodged            |    40 |    60 ||   100
  Block: Buckler           |    18 |    33 ||    51

Table legend: (Time is in decaauts)
 A = Elapsed time spent in this place.
 B = Non-inter-level travel time spent in this place.
 C = Inter-level travel time spent in this place.
 D = Time resting spent in this place.
 E = Time spent auto-exploring this place.
 F = Levels seen in this place.
 G = Mean time per level.
                   A        B        C        D        E       F      G
               +--------+--------+--------+--------+--------+-----+--------+
         Total |   2644 |   2580 |     64 |    118 |   1973 |   4 |  661.0 |
       Dungeon |   2619 |   2578 |     41 |    118 |   1973 |   3 |  873.0 |
        Temple |     24 |      1 |     23 |      0 |      0 |   1 |   24.0 |
               +--------+--------+--------+--------+--------+-----+--------+

Top non-repeatable levels by time:
     D:2: 1012 daAuts
     D:1: 958 daAuts
     D:4: 649 daAuts
  Temple: 24 daAuts
